[Event "Sunday 14 January Rapid Engine Tour 12+1 Rounds 9 Starts 1600 ST"]
[Site "Infinity Chess"]
[Date "2018.1.14"]
[Round "2"]
[White "Marsell"]
[Black "THE_MACHINE"]
[Result "1/2-1/2 "]
[ECO "C53"]
[WhiteElo "2478"]
[BlackElo "2475"]
[WhiteEngine "asmFishW_2018-01-11_popcnt"]
[BlackEngine "Houdini 6"]
[EventType "Swiss"]
[WhiteTeam ""]
[BlackTeam ""]
[PlyCount "338"]
[TimeControl "720+1"]

1. e4 e5 2. Nf3 Nc6 3. Bc4 Bc5 4. c3 Nf6 5. d3 d6 6. O-O O-O 7. h3 h6 8. Re1 Bb6 
9. Nbd2 Na5 10. Bb5 c5 11. Nc4 Bc7 12. Nxa5 Bxa5 13. Bc4 Bd7 14. a4 a6 
15. Bb3 b5 16. Nh4 b4 17. Bd2 Rb8 18. Bc4 Bc8 19. Qf3 bxc3 20. Bxc3 Bb4 
21. a5 Kh7 22. Nf5 Ne8 23. Ne3 Nc7 24. Qg3 Qf6 25. Rf1 Be6 26. f4 Bxc3 
27. bxc3 exf4 28. Qxf4 Qxc3 29. Qxd6 Nb5 30. Qxc5 Rbc8 31. Qb6 Nd4 32. Rae1 Bxc4 
33. dxc4 Rc6 34. Qb7 Qxa5 35. Nd5 Rg6 36. Re3 Nc6 37. Qb2 Rb8 38. Qf2 Ne5 
39. Re2 Kh8 40. Ra2 Qd8 41. Qd4 Qe8 42. Qa7 Ra8 43. Qf2 Rc6 44. c5 Rb8 
45. Qd4 Kh7 46. Kh1 Rb3 47. Rc2 Qb8 48. Ne7 Re6 49. Nf5 Rd3 50. Qa4 Qc7 
51. Nd6 a5 52. Rg1 Qd8 53. Qa1 Qh4 54. Qe1 Qh5 55. Qf2 Rf6 56. Nf5 a4 
57. Qf4 Nc6 58. Qc1 Nb4 59. Rd2 Qg5 60. Rb2 Qxc1 61. Rxc1 Rb3 62. Rxb3 axb3 
63. Rb1 Nd3 64. Rxb3 Nxc5 65. Rb4 Nxe4 66. g4 Nc5 67. Rb5 Ne6 68. Kg2 g6 
69. Ne3 Nf4+ 70. Kg3 Ne2+ 71. Kg2 Kg7 72. h4 Re6 73. Kf2 Nc3 74. Ra5 Ne4+ 
75. Kg2 Rd6 76. Ra3 Rb6 77. Kf3 Nf6 78. Ra4 Rb5 79. Kg3 Rb3 80. Kf2 Rb2+ 
81. Kg3 Rd2 82. Ra3 Re2 83. Kf3 Rh2 84. Kg3 Rd2 85. Ra4 Rb2 86. Kf3 Rb7 
87. Kf2 Rb8 88. Ke2 Rb5 89. Kf2 Nd7 90. Kg3 Nc5 91. Ra3 Ne6 92. Nc4 Rd5 
93. Ne3 Rc5 94. Ra7 Rb5 95. Nc4 Rd5 96. Ne3 Rc5 97. Kf3 Kf6 98. Kg3 Nd4 
99. Kf4 h5 100. Ke4 Nc6 101. g5+ Ke6 102. Ra4 Re5+ 103. Kf3 Rb5 104. Re4+ Kd6 
105. Rf4 Rb3 106. Kf2 Rb2+ 107. Kg3 Re2 108. Re4 Kc5 109. Rc4+ Kb5 110. Re4 Rd2 
111. Rf4 Nd8 112. Kf3 Rd7 113. Nc2 Kc5 114. Ke3 Ne6 115. Rf1 Re7 116. Kf3 Ra7 
117. Ke4 Kd6 118. Rd1+ Ke7 119. Rb1 Ra4+ 120. Rb4 Nc5+ 121. Kd5 Ra5 122. Kd4 Nd7 
123. Ke4 Ke6 124. Ne3 Ra6 125. Kf3 Ne5+ 126. Kg3 Ra3 127. Re4 f5 128. gxf6 Kxf6 
129. Kf4 Nf7 130. Rd4 Kg7 131. Ke4 Ra2 132. Kf3 Rb2 133. Kg3 Rb7 134. Kf4 Ra7 
135. Kg3 Ra1 136. Kf4 Rb1 137. Rc4 Rb2 138. Rd4 Rh2 139. Kg3 Re2 140. Kf4 Kf8 
141. Ra4 Rd2 142. Ke4 Rh2 143. Kf3 Rh1 144. Kg3 Re1 145. Nd5 Ne5 146. Kf4 Nc6 
147. Rc4 Rf1+ 148. Kg3 Ne7 149. Nxe7 Kxe7 150. Rf4 Re1 151. Rf3 Rg1+ 
152. Kh3 Rh1+ 153. Kg3 Ke6 154. Re3+ Kd5 155. Re7 Rg1+ 156. Kh3 Rg4 
157. Rd7+ Ke5 158. Rd3 Ra4 159. Rd1 Ra3+ 160. Kg2 Ke6 161. Kh2 Ra4 162. Kh3 Rf4 
163. Ra1 Rd4 164. Re1+ Kf7 165. Ra1 Kg7 166. Ra7+ Kh6 167. Rb7 Rd5 168. Kg2 g5 
169. hxg5+ Kxg5 1/2-1/2

[Event "Sunday 14 January Rapid Engine Tour 12+1 Rounds 9 Starts 1600 ST"]
[Site "Infinity Chess"]
[Date "2018.1.14"]
[Round "2"]
[White "xeonrocks"]
[Black "IronMan"]
[Result "1/2-1/2"]
[ECO "C42"]
[WhiteElo "2527"]
[BlackElo "2394"]
[WhiteEngine "asmFishW_bmi2.exe_CTG"]
[BlackEngine "Stockfish SL FA PB BMI2"]
[EventType "Swiss"]
[WhiteTeam ""]
[BlackTeam ""]
[PlyCount "200"]
[TimeControl "720+1"]

1. e4 e5 2. Nf3 Nf6 3. Nxe5 d6 4. Nf3 Nxe4 5. d4 d5 6. Bd3 Bd6 7. O-O O-O 
8. c4 c6 9. Re1 Bf5 10. Qb3 Na6 11. cxd5 Nac5 12. dxc5 Nxc5 13. Bxf5 Nxb3 
14. axb3 cxd5 15. Nc3 d4 16. Nb5 Bb4 17. Rd1 Qb6 18. Bd3 a6 19. Nbxd4 Rfe8 
20. Be3 Rad8 21. g3 h6 22. Rac1 Bf8 23. Kg2 Qa5 24. Bc4 Be7 25. Ra1 Qc7 
26. Rac1 Qa5 27. Bd2 Qb6 28. Nf5 Bb4 29. Bxb4 Qxb4 30. Rxd8 Rxd8 31. Ne5 Kh7 
32. Rc3 Rd2 33. Re3 g6 34. Nh4 Qc5 35. Rf3 Qxe5 36. Rxf7+ Qg7 37. Rxg7+ Kxg7 
38. Nf3 Rxb2 39. Nd4 b5 40. Bf1 Rd2 41. Nf3 Ra2 42. Nd4 Rd2 43. Nc6 Kf6 
44. Kf3 Rd1 45. Be2 Rc1 46. Na5 Ra1 47. b4 Ra3+ 48. Ke4 Ra2 49. Ke3 Rb2 
50. Nc6 Ke6 51. h4 Kd6 52. Bf3 Rb3+ 53. Kf4 Rb2 54. Ke3 Rb3+ 55. Ke2 Rb2+ 
56. Kf1 Rc2 57. Ke1 g5 58. hxg5 hxg5 59. Nd8 Ke7 60. Nb7 Rc1+ 61. Bd1 Rc4 
62. Na5 Re4+ 63. Kf1 Kf6 64. Nc6 Rc4 65. Bf3 Ke6 66. Nd8+ Ke7 67. Nc6+ Ke6 
68. g4 Kd6 69. Ke2 Rc2+ 70. Kd3 Rb2 71. Kd4 Rxf2 72. Ne5 Kc7 73. Ke4 Kd6 
74. Nd3 Rf1 75. Ke3 Ra1 76. Be4 a5 77. bxa5 Rxa5 78. Kd4 Ra4+ 79. Ke3 b4 
80. Nc1 Kc7 81. Nb3 Ra3 82. Bd5 Ra4 83. Nd2 Ra1 84. Nb3 Rg1 85. Nd2 Kb6 
86. Kf3 Kc5 87. Be4 Rh1 88. Bf5 Rh3+ 89. Ke2 b3 90. Ne4+ Kb4 91. Nxg5 Rh8 
92. Nf3 Kc3 93. g5 b2 94. Bg6 Rc8 95. Bb1 Rc4 96. g6 Rg4 97. g7 Rxg7 98. Kd1 Rg8 
99. Ke2 Re8+ 100. Kf2 Re7 1/2-1/2

[Event "Sunday 14 January Rapid Engine Tour 12+1 Rounds 9 Starts 1600 ST"]
[Site "Infinity Chess"]
[Date "2018.1.14"]
[Round "2"]
[White "KRAKEN"]
[Black "Vimtiroba"]
[Result "1/2-1/2"]
[ECO "D31"]
[WhiteElo "2490"]
[BlackElo "2476"]
[WhiteEngine "Raubfisch ME262_GTZ16b2_CTG"]
[BlackEngine "Corchess 2.0_CTG"]
[EventType "Swiss"]
[WhiteTeam ""]
[BlackTeam ""]
[PlyCount "122"]
[TimeControl "720+1"]

1. d4 d5 2. c4 e6 3. Nc3 c6 4. Nf3 Nf6 5. e3 Nbd7 6. Bd3 dxc4 7. Bxc4 b5 
8. Be2 Bb7 9. O-O Be7 10. a3 a5 11. b3 O-O 12. Bb2 b4 13. Na4 c5 14. dxc5 Nxc5 
15. Nxc5 Bxc5 16. Ne5 Ne4 17. Bf3 Qg5 18. axb4 Bxb4 19. Qe2 Rac8 20. Rac1 Nc3 
21. Bxc3 Rxc3 22. Rxc3 Bxc3 23. Bxb7 Bxe5 24. g3 Rb8 25. Rc1 Qd8 26. Ba6 g6 
27. Rc5 Bf6 28. Qc2 Be7 29. Rb5 Rxb5 30. Bxb5 Qd5 31. Bd3 Qe5 32. Be4 h5 
33. h4 Bb4 34. Kg2 Kg7 35. Bf3 Qa1 36. Be4 Bc3 37. Qe2 a4 38. bxa4 Qxa4 
39. Qd3 Qa1 40. Bf3 Be5 41. Qb5 Bd6 42. Qc4 Be5 43. Qe2 Qb1 44. Qf1 Qa1 
45. Qxa1 Bxa1 46. Kf1 Be5 47. Bg2 Kf6 48. Bf3 Bd6 49. Be4 Ke5 50. Bg2 f5 
51. Bf3 Bb4 52. Kg2 Kf6 53. Bc6 Bc5 54. Kf3 Bd6 55. e4 fxe4+ 56. Bxe4 Bc5 
57. Bc6 e5 58. Bb5 g5 59. hxg5+ Kxg5 60. Bd3 e4+ 61. Bxe4 Bxf2 1/2-1/2

[Event "Sunday 14 January Rapid Engine Tour 12+1 Rounds 9 Starts 1600 ST"]
[Site "Infinity Chess"]
[Date "2018.1.14"]
[Round "1"]
[White "IronMan"]
[Black "ivrdurant"]
[Result "1-0"]
[ECO "A15"]
[WhiteElo "2375"]
[BlackElo "2448"]
[WhiteEngine "Stockfish SL FA PB BMI2"]
[BlackEngine "Raubfisch X37b1._CTG"]
[EventType "Swiss"]
[WhiteTeam ""]
[BlackTeam ""]
[PlyCount "163"]
[TimeControl "720+1"]

1. c4 Nf6 2. d4 e6 3. Nf3 d5 4. Nc3 c6 5. e3 Nbd7 6. Bd3 dxc4 7. Bxc4 b5 
8. Be2 Bb7 9. O-O Be7 10. a3 O-O 11. e4 c5 12. e5 Ne4 13. Nxb5 a6 14. Nc3 a5 
15. Bd3 Nxc3 16. bxc3 cxd4 17. cxd4 Nb6 18. Rb1 Rc8 19. h4 Bd5 20. Ng5 g6 
21. Re1 a4 22. Nf3 Rc3 23. Bh6 Rxa3 24. Ng5 Rb3 25. Bxf8 Qxf8 26. Qc2 Kg7 
27. Be4 Bc4 28. Rec1 Qd8 29. Rxb3 Bxb3 30. Qd2 a3 31. Qf4 Qe8 32. Bc6 Qf8 
33. h5 a2 34. Ra1 Bd5 35. Bxd5 Nxd5 36. Qc1 Bxg5 37. Qxg5 h6 38. Qc1 Qb4 
39. Rxa2 Qxd4 40. hxg6 Kxg6 41. Qa1 Qg4 42. Ra4 Qg5 43. Qd4 Kg7 44. g3 Ne7 
45. Qh4 Ng6 46. Qxg5 hxg5 47. Ra5 Ne7 48. Kg2 Kg8 49. Kh3 Kg7 50. Kg4 Kh6 
51. Rb5 Ng6 52. f4 gxf4 53. gxf4 Kg7 54. f5 exf5+ 55. Kxf5 Ne7+ 56. Ke4 Kf8 
57. Rb8+ Kg7 58. Ra8 Ng6 59. Kd5 Nf4+ 60. Kd6 Ne6 61. Ra1 Nf4 62. Ra4 Ng6 
63. Rb4 Kh6 64. Rb7 Nh8 65. Kd5 Kh5 66. Ke4 Kg6 67. Kf4 Kh5 68. Kf5 Kh4 
69. Kf6 Ng6 70. e6 fxe6 71. Kxg6 Kg4 72. Re7 e5 73. Rxe5 Kf4 74. Re6 Kg4 
75. Rf6 Kh4 76. Kf5 Kg3 77. Kg5 Kh3 78. Kf4 Kg2 79. Kg4 Kh2 80. Kf3 Kg1 
81. Rh6 Kf1 82. Rh1# 1-0

[Event "Sunday 14 January Rapid Engine Tour 12+1 Rounds 9 Starts 1600 ST"]
[Site "Infinity Chess"]
[Date "2018.1.14"]
[Round "1"]
[White "angriff"]
[Black "hafaba"]
[Result "1/2-1/2"]
[ECO "B00"]
[WhiteElo "2453"]
[BlackElo "2381"]
[WhiteEngine "SF_64BIT_POPCNT_CTG"]
[BlackEngine "Stockfish SL 07012018 POPCNT_CTG"]
[EventType "Swiss"]
[WhiteTeam ""]
[BlackTeam ""]
[PlyCount "87"]
[TimeControl "720+1"]

1. e4 Nc6 2. d4 d5 3. e5 Bf5 4. Nf3 e6 5. c3 f6 6. Bb5 Nge7 7. exf6 gxf6 
8. Nh4 Bg6 9. O-O Qd7 10. Nd2 a6 11. Be2 Nf5 12. Nxf5 Bxf5 13. Nf3 Bd6 
14. Nh4 Be4 15. Bh5+ Bg6 16. Re1 O-O-O 17. Bg4 f5 18. Bf3 Bf7 19. g3 f4 
20. Bxf4 Bxf4 21. gxf4 Rdg8+ 22. Kh1 Qd8 23. Bh5 Qf6 24. Re3 Bxh5 25. Qxh5 Qxf4 
26. Rxe6 Qxf2 27. Re2 Qf6 28. Qf5+ Qxf5 29. Nxf5 Kd7 30. Rf1 Rg6 31. Ree1 Re8 
32. Rxe8 Kxe8 33. Rf3 Nd8 34. Re3+ Kf8 35. h4 Rf6 36. Ne7 c6 37. Kg2 Ne6 
38. Nc8 a5 39. Rf3 Nf4+ 40. Kg3 Ne2+ 41. Kf2 Nf4 42. Kg3 Ne2+ 43. Kf2 Nf4 
44. Kg3 1/2-1/2

[Event "Sunday 14 January Rapid Engine Tour 12+1 Rounds 9 Starts 1600 ST"]
[Site "Infinity Chess"]
[Date "2018.1.14"]
[Round "1"]
[White "OlivierEvan"]
[Black "incredible"]
[Result "1/2-1/2"]
[ECO "A50"]
[WhiteElo "2388"]
[BlackElo "2456"]
[WhiteEngine "Houdini 6"]
[BlackEngine "Stockfish_x64_bmi2"]
[EventType "Swiss"]
[WhiteTeam ""]
[BlackTeam ""]
[PlyCount "173"]
[TimeControl "720+1"]

1. d4 Nf6 2. c4 b6 3. Nc3 Bb7 4. Qc2 d6 5. e4 e5 6. d5 Be7 7. Nf3 O-O 8. Be2 c6 
9. Be3 Ng4 10. Bd2 a6 11. O-O Nf6 12. Rfd1 Nbd7 13. b4 Rc8 14. a4 a5 
15. Rab1 Qc7 16. h3 Ra8 17. Nh2 axb4 18. Rxb4 Nc5 19. Rdb1 Ra6 20. Ng4 Nxg4 
21. Bxg4 Rfa8 22. Bd1 Bd8 23. Be3 Qe7 24. Bxc5 dxc5 25. R4b2 Bc7 26. Qe2 Rb8 
27. g3 g6 28. Qe3 Ra5 29. h4 h5 30. Kh2 Kh7 31. dxc6 Bxc6 32. Nd5 Qd6 
33. Rd2 Bxd5 34. Qc3 Kg7 35. Kg1 Kg8 36. Bc2 Kg7 37. Rd3 Kg8 38. Bd1 Kf8 
39. Rb2 Kg7 40. Kh2 Kg8 41. Bb3 Qd8 42. Rbd2 Qe8 43. Rxd5 Rd8 44. R2d3 Rxd5 
45. cxd5 Bd6 46. Kg2 Ra7 47. Qc4 Ra5 48. Qc1 Qd8 49. Rf3 Kg7 50. Bd1 b5 
51. axb5 Rxb5 52. Bb3 Rb4 53. Bc4 Qe7 54. Ra3 Qb7 55. Qc3 Rb1 56. Qf3 Rb2 
57. Qd3 Rb6 58. Ra1 Rb4 59. Ra6 Rb6 60. Rxb6 Qxb6 61. Qe2 Qb4 62. Kh3 Kf8 
63. Qf1 Qb7 64. Qa1 Kg8 65. Qc1 Kg7 66. Qe1 f5 67. exf5 Qd7 68. Kg2 Qxf5 
69. Qe2 e4 70. Bb3 Qe5 71. Qe3 Qd4 72. Bc2 Qxe3 73. fxe3 c4 74. Bxe4 Kf6 
75. Bc2 g5 76. hxg5+ Kxg5 77. e4 Kf6 78. Kf3 c3 79. Ba4 Ke5 80. Ke3 Kf6 
81. Bd1 Bxg3 82. Bxh5 c2 83. Kd2 c1=Q+ 84. Kxc1 Ke5 85. Bg6 Bf4+ 86. Kb2 Bh2 
87. Kb3 1/2-1/2

[Event "Sunday 14 January Rapid Engine Tour 12+1 Rounds 9 Starts 1600 ST"]
[Site "Infinity Chess"]
[Date "2018.1.14"]
[Round "1"]
[White "Vimtiroba"]
[Black "Satria_Ungu"]
[Result "1-0"]
[ECO "D11"]
[WhiteElo "2462"]
[BlackElo "2413"]
[WhiteEngine "Corchess 2.0_CTG"]
[BlackEngine "Houdini 6"]
[EventType "Swiss"]
[WhiteTeam ""]
[BlackTeam ""]
[PlyCount "167"]
[TimeControl "720+1"]

1. d4 d5 2. c4 c6 3. Nf3 Nf6 4. e3 e6 5. b3 c5 6. Bb2 cxd4 7. Nxd4 Nc6 
8. Nc3 Bc5 9. Nxc6 bxc6 10. Bd3 O-O 11. O-O Bb7 12. Rc1 Qe7 13. Qc2 Bb4 
14. Ne2 Rac8 15. c5 e5 16. Ng3 g6 17. a3 Ba5 18. e4 d4 19. Rcd1 Bc7 20. Bc1 Nd7 
21. b4 a5 22. Ne2 Rb8 23. f4 Bc8 24. Qd2 axb4 25. axb4 Nf6 26. h3 Re8 
27. Rde1 Nh5 28. f5 Qf6 29. Qh6 Qg7 30. g4 Nf6 31. Qh4 Bd8 32. g5 Nh5 
33. Bc4 Kh8 34. f6 Qf8 35. Bd2 d3 36. Ng3 Nf4 37. Rxf4 exf4 38. Qxf4 Rb7 
39. e5 Bc7 40. Bxd3 Ra7 41. Bc3 Kg8 42. Re3 Bxh3 43. Ne4 Bf5 44. Nd6 Bxd6 
45. cxd6 Bxd3 46. Rxd3 Rd7 47. Qf3 Rc8 48. Qh3 Qe8 49. Qh6 Qf8 50. Qxf8+ Kxf8 
51. Kf2 Rcd8 52. Rh3 Kg8 53. Ke3 Rb7 54. Kd4 Rb5 55. Kc4 Rdb8 56. Rh2 R5b7 
57. Bd4 Rxb4+ 58. Kc5 R8b6 59. Ra2 R4b5+ 60. Kc4 Rb8 61. Ra6 Rb1 62. Rxc6 R8b4+ 
63. Kd5 h5 64. gxh6 Kh7 65. Rc4 Rb5+ 66. Kc6 Ra5 67. d7 Ra8 68. Kd6 Rbb8 
69. Ke7 Rb7 70. Rc6 g5 71. e6 fxe6 72. Rxe6 Rb4 73. Rd6 Kg6 74. f7+ Kh5 
75. f8=Q Rxf8 76. Kxf8 Rb1 77. d8=Q Rf1+ 78. Rf6 Rf4 79. Rxf4 gxf4 80. h7 Kg4 
81. h8=Q Kf3 82. Qh5+ Ke4 83. Bf2 f3 84. Qd4# 1-0

[Event "Sunday 14 January Rapid Engine Tour 12+1 Rounds 9 Starts 1600 ST"]
[Site "Infinity Chess"]
[Date "2018.1.14"]
[Round "1"]
[White "miguello"]
[Black "Neoxium"]
[Result "1/2-1/2"]
[ECO "E15"]
[WhiteElo "2414"]
[BlackElo "2466"]
[WhiteEngine "stockfish_18011309_x64_modern_CTG"]
[BlackEngine "SF SL FA-IDeA"]
[EventType "Swiss"]
[WhiteTeam ""]
[BlackTeam ""]
[PlyCount "91"]
[TimeControl "720+1"]

1. d4 Nf6 2. c4 e6 3. Nf3 b6 4. g3 Bb4+ 5. Bd2 Be7 6. Bg2 O-O 7. Nc3 Bb7 
8. O-O c6 9. Bf4 d5 10. Ne5 Nfd7 11. cxd5 cxd5 12. Nxd7 Nxd7 13. Rc1 Rc8 
14. Qb3 Rc4 15. Rfd1 g5 16. Be3 h6 17. Na4 Ba6 18. Rxc4 Bxc4 19. Qc2 f5 
20. b3 Bb5 21. Nb2 Bd6 22. Nd3 Qf6 23. Bc1 Ba6 24. Bb2 Rc8 25. Qd2 Qg6 
26. Rc1 Rxc1+ 27. Qxc1 Qg7 28. Qc6 Qe7 29. Ne5 Bxe5 30. dxe5 Bxe2 31. Bxd5 exd5 
32. Qxd5+ Kh7 33. e6 Nf8 34. Qxf5+ Ng6 35. Ba3 Qg7 36. h3 Ba6 37. Qd5 Bc8 
38. Qc6 Qb7 39. Qe8 Ne5 40. Bb2 Nf3+ 41. Kf1 Qa6+ 42. Kg2 Ne1+ 43. Kh2 Nf3+ 
44. Kg2 Ne1+ 45. Kh2 Nf3+ 46. Kg2 1/2-1/2

[Event "Sunday 14 January Rapid Engine Tour 12+1 Rounds 9 Starts 1600 ST"]
[Site "Infinity Chess"]
[Date "2018.1.14"]
[Round "1"]
[White "Susanne"]
[Black "ocirema"]
[Result "1/2-1/2"]
[ECO "C58"]
[WhiteElo "2475"]
[BlackElo "2419"]
[WhiteEngine "asmFishW_20_bmi2_CTG"]
[BlackEngine "stockfish_18011309_x64_modern_CTG"]
[EventType "Swiss"]
[WhiteTeam ""]
[BlackTeam ""]
[PlyCount "94"]
[TimeControl "720+1"]

1. e4 e5 2. Nf3 Nc6 3. Bc4 Nf6 4. Ng5 d5 5. exd5 Na5 6. Bb5+ c6 7. dxc6 bxc6 
8. Qf3 Be7 9. Bd3 O-O 10. Nc3 Rb8 11. O-O Rb4 12. Qd1 h6 13. Nge4 Nh7 14. f3 f5 
15. a3 Rd4 16. Nf2 Ng5 17. b4 e4 18. fxe4 fxe4 19. Be2 Bd6 20. d3 exd3 
21. Nxd3 Rxf1+ 22. Qxf1 Rh4 23. Bf4 Bxf4 24. Nxf4 Qd4+ 25. Qf2 Qxf2+ 
26. Kxf2 Rxf4+ 27. Ke3 Rf5 28. bxa5 Rxa5 29. a4 Kf7 30. h4 Ne6 31. Rb1 Nc5 
32. g3 Ke7 33. Rb8 Bf5 34. Rg8 Kf6 35. Rf8+ Ke5 36. Re8+ Kd6 37. Rd8+ Ke7 
38. Rg8 Kf6 39. Rf8+ Ke5 40. Bd3 Be6 41. Re8 Kd6 42. Kd2 Nxa4 43. Ne4+ Kd7 
44. Rb8 Kc7 45. Re8 Kd7 46. Rb8 Kc7 47. Re8 Kd7 1/2-1/2

[Event "Sunday 14 January Rapid Engine Tour 12+1 Rounds 9 Starts 1600 ST"]
[Site "Infinity Chess"]
[Date "2018.1.14"]
[Round "1"]
[White "Dovahkiin"]
[Black "KRAKEN"]
[Result "0-1"]
[ECO "D00"]
[WhiteElo "2428"]
[BlackElo "2476"]
[WhiteEngine "BrainFish_180106_x64_modern_CTG"]
[BlackEngine "Raubfisch ME262_GTZ16b2_CTG"]
[EventType "Swiss"]
[WhiteTeam ""]
[BlackTeam ""]
[PlyCount "122"]
[TimeControl "720+1"]

1. d4 d5 2. Bf4 Nf6 3. e3 Bf5 4. Nf3 e6 5. Bd3 Bxd3 6. Qxd3 c5 7. O-O Nc6 
8. Nbd2 cxd4 9. exd4 Be7 10. Qb5 Qb6 11. a4 Nh5 12. Be5 O-O 13. c3 Rfc8 
14. Rfe1 Nxe5 15. Nxe5 Qxb5 16. axb5 Nf6 17. Ra2 Bd8 18. Rea1 Bb6 19. g4 Rc7 
20. h4 Ne8 21. Nd3 g6 22. Ra4 Kg7 23. Nf4 Nd6 24. Rb4 Rg8 25. Kg2 Kf8 
26. Nf1 Rc4 27. Rb3 h6 28. Nd3 Kg7 29. Ng3 Kf8 30. Nf1 Rc7 31. Re1 Rc8 
32. Nd2 Kg7 33. Rh1 Kf6 34. Re1 Rge8 35. Rb4 Kg7 36. Ra1 Rc7 37. Rh1 g5 
38. f4 Ba5 39. Rb3 Nc4 40. Nf3 gxf4 41. Nxf4 Rcc8 42. Re1 Bc7 43. Nh5+ Kf8 
44. Rb4 Nb6 45. Ne5 Bd6 46. Rf1 Bxe5 47. dxe5 Rc4 48. Nf6 Rxb4 49. cxb4 Rd8 
50. b3 Nd7 51. Nxd7+ Rxd7 52. Kf2 d4 53. Rc1 b6 54. Ke2 Rd5 55. Kd3 Rxb5 
56. Rc4 Rxe5 57. Rxd4 h5 58. gxh5 Rxh5 59. Rd8+ Kg7 60. Rd7 Rd5+ 61. Rxd5 exd5 
0-1

[Event "Sunday 14 January Rapid Engine Tour 12+1 Rounds 9 Starts 1600 ST"]
[Site "Infinity Chess"]
[Date "2018.1.14"]
[Round "1"]
[White "THE_MACHINE"]
[Black "beka"]
[Result "1/2-1/2"]
[ECO "C55"]
[WhiteElo "2477"]
[BlackElo "2431"]
[WhiteEngine "Houdini 6"]
[BlackEngine "stockfish_18011309_x64_CTG"]
[EventType "Swiss"]
[WhiteTeam ""]
[BlackTeam ""]
[PlyCount "121"]
[TimeControl "720+1"]

1. e4 e5 2. Nf3 Nc6 3. Bc4 Nf6 4. d3 Bc5 5. O-O d6 6. c3 a5 7. Re1 h6 8. h3 O-O 
9. Nbd2 Be6 10. a4 Ba7 11. b3 d5 12. exd5 Nxd5 13. Ne4 Re8 14. Bd2 Nf6 
15. Qe2 Qe7 16. Rab1 Rad8 17. Bb5 Bd5 18. c4 Bxe4 19. dxe4 Rxd2 20. Qxd2 Rd8 
21. Qe2 Nd4 22. Nxd4 Rxd4 23. c5 Bxc5 24. Qf3 g6 25. Rbd1 Rb4 26. Rc1 Bd4 
27. g3 c6 28. Bc4 Kg7 29. Kg2 h5 30. Be2 Ne8 31. Rc4 Rb6 32. Rf1 Qa3 33. Rb1 c5 
34. Qd3 Rf6 35. Rf1 h4 36. Rc2 Nd6 37. gxh4 Rf4 38. h5 g5 39. f3 Qb4 40. Bd1 Qb6 
41. Kh1 Ne8 42. Rg2 Qh6 43. Qd2 Nf6 44. Rg4 Nxh5 45. Qg2 Rxg4 46. Qxg4 Nf6 
47. Qg3 Kf8 48. Be2 Nh5 49. Qg4 Nf4 50. Bb5 Nxh3 51. Kg2 Nf4+ 52. Kg3 c4 
53. Bxc4 b6 54. Rd1 b5 55. axb5 Ke7 56. b6 f5 57. exf5 Nh5+ 58. Kg2 Nf4+ 
59. Kg3 Nh5+ 60. Kg2 Nf4+ 61. Kg3 1/2-1/2

[Event "Sunday 14 January Rapid Engine Tour 12+1 Rounds 9 Starts 1600 ST"]
[Site "Infinity Chess"]
[Date "2018.1.14"]
[Round "1"]
[White "RonWeasley"]
[Black "Marsell"]
[Result "1/2-1/2"]
[ECO "C55"]
[WhiteElo "2442"]
[BlackElo "2479"]
[WhiteEngine "BrainFish 060118_CTG"]
[BlackEngine "asmFishW_2018-01-11_popcnt"]
[EventType "Swiss"]
[WhiteTeam ""]
[BlackTeam ""]
[PlyCount "116"]
[TimeControl "720+1"]

1. e4 e5 2. Nf3 Nc6 3. Bc4 Nf6 4. d3 Bc5 5. c3 d6 6. Bb3 a6 7. Nbd2 O-O 
8. O-O Ba7 9. h3 h6 10. a4 Nh5 11. Nc4 Qf6 12. Kh2 Kh8 13. g3 Qe6 14. g4 Qd7 
15. a5 Nf6 16. Ne3 Ne7 17. Rg1 c6 18. Qf1 Ng6 19. Nf5 d5 20. Bc2 Qc7 21. Qg2 Nh7 
22. Qg3 Be6 23. h4 Bb8 24. Kh1 c5 25. h5 Nf4 26. Nxg7 dxe4 27. Nxe6 fxe6 
28. Nh4 Rf7 29. dxe4 Ng5 30. Qe3 Kg8 31. f3 Ba7 32. c4 Rd8 33. Rf1 Rd4 
34. Ng6 Rxc4 35. Qb3 Rb4 36. Qc3 Nxg6 37. hxg6 Rf6 38. Rf2 Rd4 39. Be3 Qe7 
40. Raf1 c4 41. f4 Rd3 42. Bxd3 Bxe3 43. fxg5 Rxf2 44. Rxf2 Bxf2 45. Bxc4 Bd4 
46. Qb3 Kg7 47. Bxe6 Kxg6 48. Bf5+ Kxg5 49. Qh3 Qd6 50. Qh2 Be3 51. Qh5+ Kf6 
52. Qg6+ Ke7 53. Qg7+ Kd8 54. Kg2 Bg5 55. Qg8+ Ke7 56. Qg7+ Kd8 57. Qg8+ Ke7 
58. Qg7+ Kd8 1/2-1/2

[Event "Sunday 14 January Rapid Engine Tour 12+1 Rounds 9 Starts 1600 ST"]
[Site "Infinity Chess"]
[Date "2018.1.14"]
[Round "1"]
[White "xeonrocks"]
[Black "Thinker"]
[Result "1/2-1/2 "]
[ECO "C50"]
[WhiteElo "2530"]
[BlackElo "2448"]
[WhiteEngine "asmFishW_bmi2.exe_CTG"]
[BlackEngine "BrainFish_180106_x64_modern_CTG"]
[EventType "Swiss"]
[WhiteTeam ""]
[BlackTeam ""]
[PlyCount "164"]
[TimeControl "720+1"]

1. e4 e5 2. Nf3 Nc6 3. Bc4 Bc5 4. O-O Nf6 5. d3 d6 6. c3 O-O 7. Nbd2 a5 
8. Re1 Be6 9. Bb5 Ne7 10. d4 Ba7 11. Nf1 exd4 12. Nxd4 Ng6 13. Ba4 c6 
14. Bc2 Bd7 15. Ng3 d5 16. Bg5 h6 17. Bxf6 Qxf6 18. exd5 cxd5 19. Ndf5 Nf4 
20. Qf3 Bb8 21. Ne7+ Kh8 22. Nxd5 Nh3+ 23. Kf1 Qxf3 24. gxf3 Ng5 25. Bf5 Bc6 
26. Ne7 Nxf3 27. Nxc6 bxc6 28. Re3 Nd2+ 29. Kg2 g6 30. Be4 Bf4 31. Rd3 Rab8 
32. b3 Bxg3 33. Rxd2 Be5 34. Rd7 Bxc3 35. Rc1 Bb4 36. Rxc6 Rbd8 37. Ra7 h5 
38. a3 Bxa3 39. Rxa5 Be7 40. Ra7 Bh4 41. Rcc7 Rd4 42. f3 Kg7 43. Rd7 Rxd7 
44. Rxd7 Rd8 45. Rxd8 Bxd8 46. Kf2 Bb6+ 47. Ke2 Kf6 48. h3 Ke6 49. Bc6 h4 
50. Kd3 g5 51. Be8 Bc5 52. Kc4 Bf2 53. Kd3 f6 54. Ke4 f5+ 55. Kd3 Ke5 56. b4 f4 
57. b5 Bd4 58. Bd7 Be3 59. Bc6 Bf2 60. Kc4 Bb6 61. Ba8 Be3 62. Bb7 Kd6 
63. Kb4 Kc7 64. Ba8 Bb6 65. Be4 Kd6 66. Bb1 Be3 67. Ka5 Kc7 68. Bg6 Bd2+ 
69. Ka4 Kd6 70. Bd3 Kc7 71. Kb3 Be3 72. Kc4 Kd6 73. Be4 Ke5 74. Kd3 Bb6 
75. Bg6 Bg1 76. Kd2 Kd6 77. Ke2 Kc5 78. Bd3 Bd4 79. Kd2 Be3+ 80. Kd1 Bf2 
81. Kd2 Bd4 82. Ke1 Bc3+ 1/2-1/2

[Event "Sunday 21 January Rapid Engine Tour 12+1 Rounds 9 Starts 1600 ST"]
[Site "Infinity Chess"]
[Date "2018.1.21"]
[Round "9"]
[White "KhalidOmar"]
[Black "Thinker"]
[Result "1/2-1/2"]
[ECO "D35"]
[WhiteElo "2466"]
[BlackElo "2415"]
[WhiteEngine "Eman 1.65 64-bit BMI2"]
[BlackEngine "BrainFish_180113_x64_modern_CTG"]
[EventType "Swiss"]
[WhiteTeam ""]
[BlackTeam ""]
[PlyCount "89"]
[TimeControl "720+1"]

1. d4 d5 2. c4 e6 3. Nc3 Nf6 4. cxd5 exd5 5. Bg5 c6 6. e3 Be7 7. Qc2 h6 
8. Bh4 O-O 9. Bd3 Re8 10. Nge2 Nbd7 11. O-O Ne4 12. Bxe7 Qxe7 13. Bxe4 dxe4 
14. Rfd1 Nf6 15. d5 Nxd5 16. Nxd5 cxd5 17. Rxd5 Bg4 18. Nc3 Be6 19. Rd4 f5 
20. Rad1 Rac8 21. Qa4 a6 22. h3 Red8 23. Ne2 Rxd4 24. Nxd4 Kh7 25. a3 Bd7 
26. Qb3 b5 27. Qa2 Rc7 28. b4 Qd6 29. Qd2 Be6 30. Nxe6 Qxe6 31. Qd6 Qxd6 
32. Rxd6 Rc1+ 33. Kh2 Rc2 34. Rxa6 Rxf2 35. Kg3 Rf1 36. Ra7 Kg8 37. h4 Kf8 
38. Rb7 f4+ 39. exf4 e3 40. Rb8+ Kf7 41. Rb7+ Kf6 42. Rb6+ Kf7 43. Rb7+ Kf6 
44. Rb6+ Kf7 45. Rb7+ 1/2-1/2

[Event "Sunday 21 January Rapid Engine Tour 12+1 Rounds 9 Starts 1600 ST"]
[Site "Infinity Chess"]
[Date "2018.1.21"]
[Round "9"]
[White "BraveDevil"]
[Black "hafaba"]
[Result "1/2-1/2"]
[ECO "A41"]
[WhiteElo "2371"]
[BlackElo "2439"]
[WhiteEngine "Cryptic AIL V1"]
[BlackEngine "Stockfish SL FA POPCNT_CTG"]
[EventType "Swiss"]
[WhiteTeam ""]
[BlackTeam ""]
[PlyCount "172"]
[TimeControl "720+1"]

1. d4 d6 2. e4 Nf6 3. Nc3 e5 4. dxe5 dxe5 5. Qxd8+ Kxd8 6. Bc4 Be6 7. Bxe6 fxe6 
8. f3 Kc8 9. Be3 Bb4 10. Nge2 Nc6 11. O-O-O b6 12. Nb1 Nh5 13. c3 Be7 14. Nd2 a5 
15. a4 Kb7 16. Kc2 g5 17. Nc1 Rhg8 18. Rhf1 Raf8 19. b3 Kc8 20. Nc4 Nf4 
21. g3 Ng6 22. Kd2 h5 23. Nd3 Kb7 24. Ke2 Ra8 25. Ra1 Rh8 26. Rh1 Rh7 
27. Raf1 Rg7 28. Rhg1 Rag8 29. Ra1 g4 30. Rgf1 Rh8 31. Bd2 Rhg8 32. Be3 Nf8 
33. Ncxe5 Nxe5 34. Nxe5 Bf6 35. Nd3 Nd7 36. Bf4 e5 37. Be3 gxf3+ 38. Rxf3 h4 
39. Rg1 Be7 40. Rg2 Kc8 41. g4 Rxg4 42. Rxg4 Rxg4 43. Rf7 Bf6 44. Kf3 Rg6 
45. Rh7 Rg8 46. b4 Rf8 47. Bh6 Rg8 48. Be3 Rf8 49. bxa5 bxa5 50. Rh5 Kb7 
51. Kg4 Kc6 52. Rh6 Kd6 53. Ne1 Ke7 54. Nf3 Ke8 55. Nxh4 Bxh4 56. Rxh4 Nf6+ 
57. Kg5 Nd7 58. Kg4 Nf6+ 59. Kg5 Nd7 60. Rh3 c6 61. Rh6 Rf3 62. Bd2 Rf2 
63. Be1 Re2 64. Bg3 Rxe4 65. Rxc6 Rxa4 66. c4 Ke7 67. Kg6 Nb8 68. Rc8 Nd7 
69. Bh4+ Kd6 70. Kf7 e4 71. Be7+ Ke5 72. Rd8 e3 73. Rxd7 Rxc4 74. Bg5 e2 
75. Re7+ Kf5 76. Bd2 a4 77. Rxe2 Rc7+ 78. Kf8 Rc2 79. Rf2+ Ke4 80. Rf4+ Ke5 
81. Rf2 Ke4 82. h4 a3 83. Rf4+ Ke5 84. Be3 Rc3 85. Bd4+ Kxf4 86. Bxc3 Kg4 
1/2-1/2